 Dungeon Crawl Stone Soup version 0.20-a0-11-ga97c7b5 (webtiles) character file.

861 dobroeutro the Cudgeler (level 8, -6/50 HPs)
             Began as a Gargoyle Fighter on Nov 2, 2016.
             Was a Follower of Okawaru.
             Killed from afar by Pikel (22 damage)
             ... with a wand of acid
             ... on level 6 of the Dungeon.
             The game lasted 00:07:31 (4510 turns).

dobroeutro the Cudgeler (Gargoyle Fighter)          Turns: 4510, Time: 00:07:32

Health: -6/50      AC: 15    Str: 21    XL:     8   Next: 2%
Magic:  8/8        EV:  8    Int:  9    God:    Okawaru [*.....]
Gold:   287        SH: 10    Dex: 10    Spells: 0 memorised, 7 levels left

rFire  . . .     SeeInvis .     a - +1 flail
rCold  . . .     Gourm    .     b - +0 scale mail
rNeg   + . .     Faith    .     c - +1 shield
rPois  ∞         Spirit   .     y - +0 helmet
rElec  +         Reflect  .     k - +0 cloak
rCorr  .         Harm     .     (no gloves)
MR     .....                    (no boots)
Stlth  ..........               (no amulet)
                                (no ring)
                                (no ring)

@: about to teleport, very slightly contaminated
A: negative energy resistance 1, electricity resistance, unbreathing,
petrification resistance, rot immunity, AC +5
a: Heroism, Renounce Religion


You were on level 6 of the Dungeon.
You worshipped Okawaru.
Okawaru was aware of your devotion.
You were hungry.

You visited 2 branches of the dungeon, and saw 8 of its levels.

You collected 287 gold pieces.

Inventory:

Hand Weapons
 a - a +1 flail (weapon)
Armour
 b - a +0 scale mail (worn)
 c - a +1 shield (worn)
 k - a +0 cloak (worn)
 y - a +0 helmet (worn)
Wands
 s - a wand of iceblast (9/15)
Scrolls
 e - 2 scrolls of remove curse
 g - 8 scrolls of identify
 j - 3 scrolls of blinking
 m - 2 scrolls of teleportation
 o - a scroll of fog {unknown}
 q - a scroll of amnesia
 u - a scroll of fear {unknown}
 v - a scroll of immolation {unknown}
 A - a scroll of recharging {unknown}
Potions
 d - a potion of might
 h - 5 potions of curing {unknown}
 i - 2 potions of heal wounds {unknown}
 p - a potion of haste {unknown}
 r - a potion of mutation {unknown}
 t - 2 potions of brilliance {unknown}
 w - 3 potions of degeneration
 z - a potion of invisibility {unknown}
 B - a potion of agility {unknown}
Comestibles
 f - 4 bread rations
 l - a beef jerky
 n - 3 meat rations
 x - a slice of pizza


   Skills:
 + Level 5.5 Fighting
 * Level 6.0 Maces & Flails
 - Level 5.0 Armour
 + Level 3.0 Dodging
 - Level 3.2 Shields


You had 7 spell levels left.
You didn't know any spells.

Dungeon Overview and Level Annotations

Branches:
Dungeon (7/15)             Temple (1/1) D:4

Altars:
Ashenzari
Cheibriados
Elyvilon
Fedhas
Gozag
Hepliaklqana
Makhleb
Nemelex Xobeh
Okawaru
Sif Muna
Uskayaw
Xom
Zin
The Shining One

Annotations:
D:5 lynn's ghost, novice FoFi
D:6 Pikel; Sigmund


Innate Abilities, Weirdness & Mutations

You are resistant to torment.
Your stone body is resilient. (AC +5)
You are immune to poison.
You resist negative energy. (rN+)
You are resistant to electric shocks. (rElec)
You can survive without breathing.
You are immune to petrification.
You are immune to rotting.


Message History

Blink to where?
Press: ? - help, Dir - move target cursor You are very lightly contaminated with residual magic.
As you read the scroll labeled COSCHALLOW, it crumbles to dust.
It was a scroll of blinking.
You see here a murky orange potion.
B - a murky orange potion Pikel zaps a wand.
The bolt of acid hits the jelly.
The jelly completely resists.
The bolt of acid hits you!
You are splashed with acid!
The acid burns!
It is a wand of acid.
As you read the scroll labeled ZUECHI VIKHEGH, it crumbles to dust.
It is a scroll of amnesia.
You feel forgetful for a moment. The jelly hits you but does no damage.
Something hits you but does no damage.
As you read the scroll labeled EHODUI GIARAOQ, it crumbles to dust.
You feel strangely unstable.
It was a scroll of teleportation.
The jelly hits you but does no damage.
Pikel zaps a wand.
The bolt of acid hits the jelly.
The jelly completely resists.
The bolt of acid hits you!
You die...

#...####
##...###
#..p..####..###
####.p.....##
#....##..###
#....p.>.##
#....!.p..###
#.$.....Kp{.##
#........J...##
#........p@...#
##.............#
##.............#
#####......####
########


You could see Pikel, 4 slaves and a jelly.

Vanquished Creatures
  2 centaurs
  A bullfrog (D:6)
  A wyvern skeleton (D:6)
  2 scorpions
  A crimson imp (D:3)
  A jelly (D:5)
  A bullfrog skeleton (D:5)
  2 orc wizards
  3 worker ants
  Terence (D:2)
  7 adders
  3 gnolls
  An ooze (D:1)
  A worm (D:3)
  A dart slug (D:2)
  A leopard gecko (D:4)
  10 orcs
  6 bats
  8 giant cockroaches
  12 goblins
  7 hobgoblins
  7 jackals
  10 kobolds
  2 quokkas
  2 ball pythons
  10 frilled lizards
  A jackal zombie (D:5)
  A leopard gecko skeleton (D:4)
  5 rats
110 creatures vanquished.

Vanquished Creatures (others)
  An orc wizard (D:4)
1 creature vanquished.

Grand Total: 111 creatures vanquished

Notes
Turn   | Place    | Note
-------+----------+-------------------------------------------
     0 | D:1      | dobroeutro the Gargoyle Fighter began the quest for the Orb.
     0 | D:1      | Reached XP level 1. HP: 14/14 MP: 1/1
   144 | D:1      | Reached XP level 2. HP: 19/19 MP: 2/2
   530 | D:1      | Reached XP level 3. HP: 23/23 MP: 3/3
  1047 | D:2      | Noticed Terence
  1062 | D:2      | Killed Terence
  1062 | D:2      | Reached skill level 1 in Dodging
  1105 | D:2      | Reached XP level 4. HP: 29/29 MP: 4/4
  1158 | D:2      | Reached skill level 3 in Maces & Flails
  1957 | D:2      | Reached XP level 5. HP: 33/33 MP: 5/5
  2490 | D:3      | Found a shimmering altar of Xom.
  2491 | D:3      | Found a burning altar of Makhleb.
  2514 | D:3      | Reached skill level 4 in Maces & Flails
  2514 | D:3      | Reached XP level 6. HP: 39/39 MP: 6/6
  3007 | D:4      | Found a staircase to the Ecumenical Temple.
  3113 | Temple   | Entered the Ecumenical Temple
  3207 | Temple   | Became a worshipper of Warmaster Okawaru
  3699 | D:5      | Entered Level 5 of the Dungeon
  3724 | D:5      | Reached skill level 5 in Armour
  3724 | D:5      | Reached XP level 7. HP: 36/44 MP: 7/7
  3770 | D:5      | Reached skill level 5 in Maces & Flails
  3798 | D:5      | Reached skill level 5 in Fighting
  3875 | D:5      | Noticed lynn's ghost (novice FoFi)
  3914 | D:4      | You fall through a shaft for 3 floors!
  3921 | D:7      | Reached * piety under Okawaru
  4457 | D:6      | Reached skill level 6 in Maces & Flails
  4457 | D:6      | Reached XP level 8. HP: 40/50 MP: 8/8
  4472 | D:6      | Noticed Sigmund
  4495 | D:6      | Noticed Pikel
  4510 | D:6      | Killed from afar by Pikel

Vault maps used:
D:1:      nagdon_arrival_double_spiral, roderic_serpentine_path
D:2:      kennysheep_the_goblin_king, uniq_terence
D:3:      grunt_temple_overflow_champion_of_chaos, st_stairs_6, corexii_shack
D:4:      first_bread
D:5:      minmay_diamond_boxcup, hex_medium, uniq_eustachio
D:6:      uniq_pikel, uniq_blork_the_orc, uniq_sigmund
D:7:      lemuel_slime, grunt_temple_overflow_open
Temple:   nicolae_temple_elliptical

Skill      XL: |  1  2  3  4  5  6  7 |
---------------+----------------------+-----
Dodging        | 1 2 3 |  3.0
Fighting       | 4 5 |  5.5
Maces & Flails | 3 4 6 |  6.0
Armour         | 4 5 |  5.0
Shields        | |  3.2

Action                   |  1- 3 |  4- 6 |  7- 9 || total
-------------------------+-------+-------+-------++-------
Melee: Flail             |   110 |   349 |    67 ||   526
  Use: Scroll            |       |     4 |     3 ||     7
  Eat: Chunk             |     1 |     9 |     2 ||    12
Armor: Scale mail        |    62 |   201 |    45 ||   308
Dodge: Dodged            |    36 |   140 |    23 ||   199
Block: Shield            |    60 |   207 |    43 ||   310
